Map: Prion Terraces

Players

Thomas - Winner!

  • Race: Protoss Protoss
  • League: Gold

LilDicky

  • Race: Terran Terran
  • League: Diamond

VOD

http://www.twitch.tv/tumescentpie

Description

Time

  • Played on: Dec. 6, 2015, 5:59 p.m.
  • Length: 5:06
Show
View Real Time Build Order
Export as new Build Order

Thomas Protoss - Winner!

Build Orders: 1 Gate Expand 

Get SALT Encoding   

  12  0:01  Probe (Chrono Boost)  
  13  0:12  Probe (Chrono Boost)  
  14  0:21  Pylon  
  14  0:22  Probe (Chrono Boost)  
  15  0:40  Probe (Chrono Boost)  
  16  0:47  Gateway  
  16  1:07  Nexus  
  16  1:09  Probe (Chrono Boost)  
  17  1:16  Assimilator  
  17  1:20  Probe (Chrono Boost)  
  17  1:24  Assimilator  
  18  1:30  Probe (Chrono Boost)  
  19  1:36  Cybernetics Core  
  19  1:41  Probe (Chrono Boost)  
  20  1:51  Probe (Chrono Boost)  
  21  1:56  Pylon  
  21  2:02  Probe (Chrono Boost), Pylon  
  22  2:15  Mothership Core (Chrono Boost)  
  24  2:20  Probe (Chrono Boost)  
  25  2:30  Robotics Facility  
  25  2:32  Probe (Chrono Boost)  
  26  2:42  Probe (Chrono Boost)  
  27  2:44  Gateway  
  27  2:57  Probe x2 (Chrono Boost)  
  29  3:03  Gateway  
  29  3:08  Probe x2 (Chrono Boost)  
  31  3:21  Stalker  
  31  3:24  Probe x2 (Chrono Boost)  
  31  3:26  Pylon  
  35  3:33  Stalker  
  37  3:37  Probe (Chrono Boost)  
  37  3:38  Probe (Chrono Boost)  
  39  3:59  Stalker  
  39  4:00  Stalker  
  39  4:01  Probe x2 (Chrono Boost)  
  45  4:11  Probe x2 (Chrono Boost), Pylon  
  45  4:12  Pylon  
  45  4:14  Gateway  
  47  4:17  Forge  
  47  4:20  Observer  
  47  4:22  Probe (Chrono Boost)  
  49  4:25  Stalker  
Show
View Real Time Build Order
Export as new Build Order

LilDicky Terran 

Build Orders:  

Get SALT Encoding   

  12  0:07  SCV  
  13  0:19  SCV  
  14  0:56  Command Center  
  14  1:21  Command Center  
Tags
 
Add a new tag
Caveats
  • Supply blocks, unpowered buildings, or Contaminate may cause inaccurate times.
  • Supply counts are checked every 10 seconds.